 Dungeon Crawl Stone Soup version 0.27-a0-1228-gfd60fd639a (webtiles) character file.

Game seed: 2141220210111877828

1726 dickylongcocking the Ducker (level 9, 0/65 HPs)
             Began as a Djinni Hedge Wizard on June 7, 2021.
             Slain by a bullfrog (2 damage)
             ... in the Ecumenical Temple.
             The game lasted 00:10:18 (10137 turns).

dickylongcocking the Ducker (Djinni Hedge Wizard)  Turns: 10137, Time: 00:10:19

Health: 0/65       AC:  7    Str:  6 (9)  XL:     9   Next: 25%
Gold:   372        EV: 14    Int: 17 (18) God:
                   SH:  0    Dex: 13 (14)

rFire    + + .     SeeInvis .   B - staff of conjuration
rCold    x . .     Faith    .   (no shield)
rNeg     . . .     Spirit   .   b - +0 robe
rPois    ∞         Reflect  .   c - +0 hat
rElec    .         Harm     .   p - +0 cloak
rCorr    .         Rampage  .   (no gloves)
Will     +....                  (boots unavailable)
Stlth    ++........             (no amulet)
HPRegen  0.20/turn              t - ring of willpower
MPRegen  0.00/turn              d - +4 ring of protection

@: marked, attractive, flying, hasted, very quick
A: sickness immunity, fire resistance 2, cold vulnerability 1, float, innate
caster, hp casting, extra vitality 1
a: no special abilities


You were in the Ecumenical Temple.
You visited 2 branches of the dungeon, and saw 7 of its levels.

You collected 372 gold pieces.

Inventory:

Hand Weapons
 a - a +0 dagger
 h - a +1 dagger of venom
 o - a +2 quarterstaff of chaos
 r - a +2 flail of protection
Armour
 b - a +0 robe (worn)
 c - a +0 hat (worn)
 p - a +0 cloak (worn)
Magical Staves
 w - a staff of poison
 B - a staff of conjuration (weapon)
Jewellery
 d - a +4 ring of protection (right hand)
 t - a ring of willpower (left hand)
Wands
 x - a wand of flame (12)
Scrolls
 f - 6 scrolls of identify {unknown}
 g - 3 scrolls of fear {unknown}
 j - a scroll of noise {unknown}
 k - 2 scrolls of teleportation {unknown}
 n - a scroll of brand weapon {unknown}
 u - 3 scrolls of magic mapping {unknown}
 y - a scroll of enchant armour {unknown}
 A - a scroll of torment {unknown}
Potions
 e - a potion of resistance {unknown}
 i - a potion of degeneration
 l - a potion of lignification {unknown}
 q - 2 potions of haste
 s - a potion of brilliance
 v - a potion of attraction
 z - a potion of heal wounds {unknown}


   Skills:
 * Level 5.6 Fighting
 - Level 1.4 Short Blades
 * Level 5.0 Armour
 * Level 6.1 Dodging
 - Level 1.5 Stealth
 * Level 5.0 Spellcasting


You couldn't memorise any spells.
You knew the following spells:

 Your Spells              Type           Power      Damage    Failure   Level
a - Magic Dart            Conj           100%       1d8       1%          1
b - Blink                 Tloc           N/A        N/A       2%          2
c - Call Imp              Summ           21%        N/A       2%          2
d - Slow                  Hex            21%        N/A       2%          2
e - Conjure Flame         Conj/Fire      32%        6-21      5%          3
f - Mephitic Cloud        Conj/Pois/Air  32%        N/A       5%          3
g - Shock                 Conj/Air       100%       1d9       1%          1
h - Wereblood             Tmut           21%        N/A       2%          2
i - Static Discharge      Conj/Air       32%        N/A       2%          2
j - Leda's Liquefaction   Hex/Erth       10%        N/A       17%         4
Your spell library was empty.

Dungeon Overview and Level Annotations

Branches:
Dungeon (6/15)             Temple (1/1) D:6

Altars:
Trog
Xom
Beogh

Shops:
D:2 [

Annotations:
D:5 2 transporters, lunkers's ghost, novice FoEE


Innate Abilities, Weirdness & Mutations

You are immune to sickness and miasma.
You are immune to poison.
Your flesh is very heat resistant. (rF++)
You are vulnerable to cold. (rC-)
You float through the air rather than walking.
You learn spells naturally, not from books.
Your magical power is your life essence.
You have superior vitality. (+4 HP)


Message History

Found 5 gold pieces.
The white imp sputters. 3 orcs come into view.
An orc warrior comes into view. It is wielding a +0 battleaxe.
A water moccasin comes into view.
The bullfrog hits you.
* * * LOW HITPOINT WARNING * * *
The orc moves out of view.
Unknown command.
Okay, then.
It was a potion of haste.
You feel yourself speed up. The bullfrog hits you.
* * * LOW HITPOINT WARNING * * *
Unknown command.
The bullfrog misses you.
Found a pair of gloves.
Found 6 gold pieces.
It was a potion of degeneration.
There was something very wrong with that liquid.
You feel weakened.
You feel dopey.
You feel clumsy. The bullfrog hits you.
* * * LOW HITPOINT WARNING * * *
Unknown command.
You reach down and open the door.
The bullfrog barely misses you.
Found a staircase to the Ecumenical Temple.
Unknown command.
There is an open door here.
There's a creature in the doorway!
Unknown command.
There is a staircase to the Ecumenical Temple here.
The bullfrog hits you!
* * * LOW HITPOINT WARNING * * *
You fly downwards.
Welcome to the Ecumenical Temple!
There is a staircase back to the Dungeon here.
Unknown command.
Unknown command.
Okay, then.
It was a potion of attraction.
You feel attractive to monsters. The bullfrog hits you.
You die...

P.......+
#.......#
#.......##
#.......###
#.........####
#............#
#............
#....@.......
##..F........
###≈≈≈≈≈≈≈≈#
####≈≈≈###
####


You could see a bullfrog.

Vanquished Creatures
  Sigmund (D:5)
  A water moccasin (D:5)
  A black bear (D:6)
  An orc warrior (D:6)
  2 necrophages
  2 phantoms
  A centaur (D:4)
  A scorpion (D:6)
  3 water moccasin skeletons
  A centaur zombie (D:5)
  2 jellies
  A gnoll shaman (D:4)
  An orc priest (D:4)
  4 hounds
  An iguana (D:4)
  4 orc wizards
  A killer bee zombie (D:5)
  5 adders
  4 gnolls (D:4)
  An ufetubus (D:5)
  An adder zombie (D:4)
  A dart slug (D:3)
  11 orcs
  6 endoplasms
  4 goblins
  4 hobgoblins
  4 jackals
  3 quokkas
  7 ball pythons
  8 bats
  2 frilled lizards
  5 kobolds
  4 rats
98 creatures vanquished.

Vanquished Creatures (collateral kills)
  An ogre (D:4)
  A phantom (D:4)
  Crazy Yiuf (D:2)
  An orc priest (D:3)
  3 gnolls (D:3)
  An adder (D:2)
  2 worms (D:2)
  2 dart slugs
  An orc (D:3)
  A bat (D:3)
  An endoplasm (D:1)
  A goblin (D:4)
  3 hobgoblins (D:1)
  2 jackals (D:2)
  3 ball pythons
  2 frilled lizards
  2 kobolds (D:1)
28 creatures vanquished.

Vanquished Creatures (others)
  5 plants (D:5)
5 creatures vanquished.

Grand Total: 131 creatures vanquished

Notes
Turn   | Place    | Note
-------+----------+-------------------------------------------
     0 | D:1      | dickylongcocking the Djinni Hedge Wizard began the quest
                  | for the Orb.
     0 | D:1      | Reached XP level 1. HP: 15/15 MP: 0/0
   431 | D:1      | Reached XP level 2. HP: 11/22 MP: 0/0
   827 | D:1      | Reached skill level 1 in Fighting
  1551 | D:1      | Reached XP level 3. HP: 22/27 MP: 0/0
  1551 | D:1      | Learned a level 1 spell: Shock
  2720 | D:2      | Reached skill level 1 in Short Blades
  2722 | D:2      | Reached XP level 4. HP: 17/33 MP: 0/0
  2987 | D:2      | Found Tohudwubbe's Armour Emporium.
  3802 | D:2      | Found a runed translucent door.
  3803 | D:2      | Noticed Crazy Yiuf
  3967 | D:2      | Killed Crazy Yiuf
  4217 | D:3      | Found a shimmering altar of Xom.
  4275 | D:3      | Reached XP level 5. HP: 39/39 MP: 0/0
  4275 | D:3      | Learned a level 2 spell: Wereblood
  4802 | D:3      | Reached skill level 1 in Armour
  5338 | D:3      | Found a bloodstained altar of Trog.
  5686 | D:4      | Noticed a phantom
  5717 | D:4      | Killed a phantom
  5718 | D:4      | Reached skill level 3 in Dodging
  5718 | D:4      | Reached XP level 6. HP: 24/45 MP: 0/0
  5718 | D:4      | Noticed an ogre
  5723 | D:4      | Killed an ogre
  6262 | D:4      | Reached XP level 7. HP: 42/50 MP: 0/0
  6262 | D:4      | Learned a level 2 spell: Static Discharge
  6830 | D:5      | Entered Level 5 of the Dungeon
  7256 | D:4      | Reached skill level 4 in Dodging
  7754 | D:5      | Noticed Sigmund
  8134 | D:4      | Reached XP level 8. HP: 27/58 MP: 0/0
  8843 | D:5      | Killed Sigmund
  8844 | D:5      | Reached skill level 5 in Dodging
  9097 | D:5      | Reached skill level 5 in Fighting
  9460 | D:5      | Found a transporter.
  9468 | D:5      | Identified the +2 spear of Ate Feef {venom, rC- Int-5 Dex+7
                  | SInv}
  9530 | D:5      | Identified the ring "Toaj" {Fire Str+2 Dex+2}
  9530 | D:5      | Noticed lunkers's ghost (novice FoEE)
  9534 | D:5      | Found a transporter.
  9719 | D:6      | Reached XP level 9. HP: 35/65 MP: 0/0
  9719 | D:6      | Learned a level 4 spell: Leda's Liquefaction
  9996 | D:6      | Reached skill level 5 in Spellcasting
 10094 | D:6      | Reached skill level 6 in Dodging
 10096 | D:6      | Reached skill level 5 in Armour
 10130 | D:6      | Found a staircase to the Ecumenical Temple.
 10135 | D:6      | HP: 2/65 [bullfrog (7)]
 10136 | Temple   | Entered the Ecumenical Temple
 10137 | Temple   | Slain by a bullfrog

Illustrated notes

Levels and vault maps discovered:
D:1:      minmay_arrival_semitransparent, layout_loops_cross, eino_curves_01,
          minmay_misc_feat_chi, chequers_serial_rivers_small_3,
          minmay_statues_item, roderic_cross_of_infinity
D:2:      layout_basic, serial_shops, nicolae_shop_behind_doors, st_stairs_5,
          minmay_domino_2, uniq_crazy_yiuf_cottage
D:3:      layout_loops_ring, amcnicky_altar_gilded, bloody_trog,
          kennysheep_orc_chapel
D:4:      layout_rooms
D:5:      layout_rooms, gammafunk_ghost_gnarly_gnolls, uniq_sigmund
D:6:      layout_rooms, lemuel_round_altar, old_standard_altar,
          minmay_temple_entry_hall
Temple:   minmay_temple_curvy_loop

Skill      XL: |  1  2  3  4  5  6  7  8  9 |
---------------+----------------------------+-----
Fighting       | 1 2 3 4 5 |  5.6
Spellcasting   | 3 4 5 |  5.0
Short Blades   | 1 |  1.4
Armour         | 1 2 3 4 5 |  5.0
Dodging        | 3 4 5 6 |  6.1
Stealth        | |  1.5

Action                   |  1- 3 |  4- 6 |  7- 9 || total
-------------------------+-------+-------+-------++-------
Melee: Dagger            |    82 |   101 |   123 ||   306
       Quarterstaff      |       |     9 |       ||     9
       Staff             |       |       |     3 ||     3
 Cast: Magic Dart        |    24 |     9 |     3 ||    36
       Call Imp          |    19 |    34 |     1 ||    54
       Shock             |     5 |    10 |    31 ||    46
       Blink             |     1 |     1 |       ||     2
       Slow              |       |     2 |       ||     2
       Mephitic Cloud    |       |     5 |     6 ||    11
       Wereblood         |       |     1 |     1 ||     2
       Conjure Flame     |       |       |     2 ||     2
       Static Discharge  |       |       |    40 ||    40
  Use: Potion            |       |       |     7 ||     7
 Stab: Sleeping          |     2 |     1 |       ||     3
Armor: Robe              |    15 |    35 |   111 ||   161
Dodge: Dodged            |    65 |   110 |   229 ||   404

Table legend: (Time is in decaauts)
 A = Elapsed time spent in this place.
 B = Non-inter-level travel time spent in this place.
 C = Inter-level travel time spent in this place.
 D = Time resting spent in this place.
 E = Time spent auto-exploring this place.
 F = Levels seen in this place.
 G = Mean time per level.
                   A        B        C        D        E       F      G
               +--------+--------+--------+--------+--------+-----+--------+
         Total |  10134 |   9898 |    236 |   3299 |   5264 |   7 | 1447.7 |
       Dungeon |  10133 |   9897 |    236 |   3299 |   5264 |   6 | 1688.8 |
        Temple |      0 |      0 |      0 |      0 |      0 |   1 |    0.0 |
               +--------+--------+--------+--------+--------+-----+--------+

Top non-repeatable levels by time:
     D:4: 2994 daAuts
     D:1: 2154 daAuts
     D:2: 2045 daAuts
     D:3: 1457 daAuts
     D:5: 946 daAuts
     D:6: 534 daAuts
  Temple: 0 daAuts
